 Dungeon Crawl Stone Soup version 0.26.1-2-gb8aa6d0cf2 (webtiles) character file.

Game seed: 6470677758311061539

20324 hawla the Thaumaturge (level 12, -6/96 HPs)
             Began as a Purple Draconian Conjurer on Feb 11, 2021.
             Was an Initiate of Gozag.
             Mangled by a fire dragon (9 damage)
             ... on level 1 of the Lair of Beasts.
             The game lasted 01:04:00 (21926 turns).

hawla the Thaumaturge (Purple Draconian Conjurer)  Turns: 21926, Time: 01:04:01

Health: -6/96      AC: 11    Str:  9    XL:     12   Next: 44%
Magic:  5/28       EV: 12    Int: 31    God:    Gozag
Gold:   887        SH:  5    Dex:  9    Spells: 4/36 levels left

rFire    . . .     SeeInvis .   y - +4 lajatang (pain)
rCold    . . .     Faith    .   (shield currently unavailable)
rNeg     . . .     Spirit   .   (armour unavailable)
rPois    .         Reflect  +   (helmet restricted)
rElec    .         Harm     .   f - scarf {repulsion}
rCorr    .         Rampage  .   b - +2 pair of gloves
Will     +....                  (no boots)
Stlth    +.........             C - amulet of reflection
HPRegen  0.26/turn              i - +6 ring of intelligence
MPRegen  0.21/turn              H - ring of wizardry

@: repel missiles, very slow
A: breathe power, unfitting armour, antennae 1, talons 2, robust 1,
cold-blooded, AC +8
a: Breathe Dispelling Energy, Renounce Religion, Potion Petition, Call Merchant,
Bribe Branch


You were on level 1 of the Lair of Beasts.
You worshipped Gozag.
Gozag was pleased with you.
You visited 3 branches of the dungeon, and saw 14 of its levels.
You also visited: Ossuary.

You collected 2019 gold pieces.
You spent 936 gold pieces at shops.
You paid 196 gold pieces to Gozag.

Inventory:

Hand Weapons
 y - a +4 lajatang of pain (weapon)
Missiles
 d - 13 boomerangs (quivered)
 G - 4 silver javelins
Armour
 b - a +2 pair of gloves (worn)
 f - a scarf of repulsion (worn)
Magical Staves
 A - an uncursed staff of death
Jewellery
 i - a +6 ring of intelligence (left hand)
 j - an uncursed amulet of magic regeneration {unknown}
 C - an amulet of reflection (around neck)
 D - an uncursed ring of poison resistance
 H - a ring of wizardry (right hand)
 K - an uncursed ring of ice
Wands
 n - a wand of acid (9)
 r - a wand of digging (3)
 I - a wand of paralysis (14)
 M - a wand of iceblast (7)
Scrolls
 c - a scroll of enchant armour
 e - 8 scrolls of remove curse
 m - 13 scrolls of identify
 q - 2 scrolls of amnesia
 v - 3 scrolls of fog
 B - a scroll of magic mapping
Potions
 a - a potion of cancellation {unknown}
 g - a potion of resistance {unknown}
 h - 3 potions of heal wounds
 k - 5 potions of curing
 u - a potion of invisibility
 J - a potion of lignification
 P - a potion of haste


   Skills:
 - Level 2.9 Fighting
 + Level 7.3 Staves
 - Level 0.1 Throwing
 - Level 2.9 Dodging
 - Level 2.9 Stealth
 - Level 0.1 Shields
 + Level 12.7 Spellcasting
 * Level 10.2 Conjurations
 - Level 6.5 Necromancy
 - Level 6.5 Translocations
 - Level 1.5 Fire Magic
 * Level 4.3 Ice Magic
 * Level 4.2 Air Magic
 - Level 2.2 Earth Magic
 - Level 0.1 Evocations


You had 4 spell levels left.
You knew the following spells:

 Your Spells              Type           Power        Failure   Level
a - Magic Dart            Conj           100%         1%          1
b - Searing Ray           Conj           100%         1%          2
c - Iskenderun's Mystic   Conj/Tloc      64%          1%          4
d - Blink                 Tloc           N/A          1%          2
e - Freezing Cloud        Conj/Ice/Air   27%          12%         6
f - Agony                 Necr           57%          1%          5
g - Vampiric Draining     Necr           28%          1%          3
h - Stone Arrow           Conj/Erth      100%         1%          3
i - Ozocubu's Refrigerat  Ice            23%          26%         6

Your spell library contained the following spells:

 Spells                   Type           Power        Failure   Level
 Animate Skeleton         Necr           100%         1%          1
 Corona                   Hex            21%          1%          1
 Foxfire                  Conj/Fire      100%         1%          1
 Freeze                   Ice            100%         1%          1
 Pain                     Necr           100%         1%          1
 Call Imp                 Summ           19%          1%          2
 Corpse Rot               Necr/Air       N/A          1%          2
 Ensorcelled Hibernation  Hex/Ice        66%          1%          2
 Slow                     Hex            19%          1%          2
 Conjure Flame            Conj/Fire      54%          1%          3
 Dazzling Flash           Conj/Hex       100%         1%          3
 Frozen Ramparts          Ice            92%          1%          3
 Mephitic Cloud           Conj/Pois/Air  49%          1%          3
 Ozocubu's Armour         Ice            46%          1%          3
 Animate Dead             Necr           28%          1%          4
 Fulminant Prism          Conj/Hex       25%          1%          4
 Hailstorm                Conj/Ice       59%          1%          4
 Sticky Flame             Conj/Fire      54%          1%          4
 Inner Flame              Hex/Fire       24%          2%          3
 Confusing Touch          Hex            19%          3%          3
 Tukima's Dance           Hex            19%          3%          3
 Ice Form                 Ice/Tmut       33%          4%          4
 Summon Ice Beast         Ice/Summ       33%          4%          4
 Fireball                 Conj/Fire      27%          2%          5
 Summon Forest            Summ/Tloc      20%          8%          5
 Metabolic Englaciation   Hex/Ice        16%          12%         5
 Simulacrum               Ice/Necr       26%          16%         6
 Eringya's Noxious Bog    Tmut/Pois      9%           80%         6
 Hydra Form               Tmut           9%           80%         6
 Summon Hydra             Summ           9%           100%        7


Dungeon Overview and Level Annotations

Branches:
Dungeon (12/15)            Temple (1/1) D:7            Lair (1/6) D:11
    Orc (0/2) D:9         Ossuary (visited)

Altars:
Ashenzari
Cheibriados
Dithmenos
Elyvilon
Fedhas
Gozag
Hepliaklqana
Kikubaaqudgha
Makhleb
Nemelex Xobeh
Okawaru
Qazlal
Ru
Sif Muna
Trog
Uskayaw
Vehumet
Wu Jian
Xom
Yredelemnul
Zin
The Shining One

Shops:
D:6 [   D:9 [   D:10 (   D:11 (   D:12 =

Portals:
Trove: D:12 (give +3 shadow dragon scales)

Annotations:
D:1 scroll behind statues


Innate Abilities, Weirdness & Mutations

You can breathe bolts of dispelling energy.
Your rich purple scales are hard. (AC +8)
You cannot fit into any form of body armour.
You are cold-blooded and may be slowed by cold attacks.
You have a pair of small antennae on your head.
You have razor-sharp toenails.
You are robust. (+10% HP)


Message History

* * * LOW HITPOINT WARNING * * *
The fire dragon tramples you!
* * * LOW HITPOINT WARNING * * *
You hold your ground!
Aiming: Paralyse
Press: ? - help, Shift-Dir - straight line, f/p - fire dragon
Aim: a fire dragon (severely wounded, chance to affect: 15%)
The fire dragon resists with almost no effort.
The fire dragon closely misses you. The fire dragon claws you!
* * * LOW HITPOINT WARNING * * *
The fire dragon tramples you but does no damage.
Aiming: Paralyse
Press: ? - help, Shift-Dir - straight line, f/p - fire dragon
Aim: a fire dragon (severely wounded, chance to affect: 15%)
The fire dragon resists with almost no effort.
The fire dragon bites you but does no damage.
The fire dragon claws you but does no damage.
The fire dragon tramples you!
You die...
Your body crumbles into a pile of gold.

...... ######
#########
#≈≈≈≈...####
##≈≈≈.......## #
##@D≈≈........#####
#≈≈≈≈≈≈............
#$$☼≈°≈○........###
#)|$$.°$≈≈......###
#)=!○○..§≈≈....##
##?....≈≈☼≈..###
#############


You could see a fire dragon.

Vanquished Creatures
  Snorg (D:11)
  Fannar (D:10)
  Harold (D:11)
  A centaur warrior (D:12)
  3 two-headed ogres
  3 death yaks
  The ghost of axecop the Pure, a novice DsAK of Lugonu (D:8)
  An unseen horror (D:12)
  Pikel (D:4)
  A deep elf mage (D:12)
  A manticore (D:11)
  A black mamba (Lair:1)
  Psyche (D:9)
  A rime drake (Lair:1)
  A centaur skeleton (D:10)
  A cane toad (Lair:1)
  A komodo dragon (Lair:1)
  A troll (D:10)
  Grinder (D:4)
  A wyvern (D:8)
  8 yaks
  2 water moccasins
  2 ice beasts
  3 sky beasts
  6 orc warriors
  2 black bears (D:7)
  A necrophage (D:6)
  8 ogres
  12 centaurs
  4 lemures (D:4)
  4 big kobolds
  9 bullfrogs
  3 gnoll sergeants
  11 scorpions
  8 wights
  A killer bee (D:7)
  9 howler monkeys
  A quasit (D:12)
  3 bullfrog skeletons
  8 hounds
  2 bullfrog zombies
  4 jellies
  4 human zombies (Ossuary)
  6 orc priests
  Ijyb (D:3)
  4 gnoll shamans
  3 iguanas
  12 orc wizards
  Natasha (thrice) (D:3)
  14 worker ants
  3 hell rats (D:11)
  A killer bee zombie (D:8)
  2 big kobold zombies (Ossuary)
  A hound zombie (D:7)
  3 mummies (Ossuary)
  3 hound skeletons
  Robin (D:3)
  25 gnolls
  11 adders
  4 river rats (D:11)
  2 scorpion zombies (Ossuary)
  4 shadow imps
  5 white imps
  2 ufetubi
  2 oozes (D:4)
  An adder skeleton (D:7)
  5 adder zombies
  A worm (D:3)
  2 dart slugs (D:1)
  10 leopard geckos
  46 orcs
  4 ball pythons
  3 giant cockroaches
  2 gnoll zombies (Ossuary)
  5 hobgoblins
  11 jackals
  8 quokkas
  8 bats
  2 frilled lizards
  14 goblins
  2 hobgoblin zombies (Ossuary)
  17 kobolds
  A kobold zombie (Ossuary)
  A leopard gecko skeleton (D:4)
  2 orc zombies (Ossuary)
  A quokka skeleton (D:6)
  6 rats
403 creatures vanquished.

Vanquished Creatures (others)
  A scorpion (Ossuary)
  A scorpion zombie (Ossuary)
  3 fungi (Lair:1)
  A plant (Lair:1)
6 creatures vanquished.

Grand Total: 409 creatures vanquished

Notes
Turn   | Place    | Note
-------+----------+-------------------------------------------
     0 | D:1      | hawla the Draconian Conjurer began the quest for the Orb.
     0 | D:1      | Reached XP level 1. HP: 14/14 MP: 3/3
    84 | D:1      | Reached XP level 2. HP: 4/20 MP: 0/5
   635 | D:1      | Learned a level 2 spell: Searing Ray
   853 | D:1      | Reached XP level 3. HP: 26/26 MP: 3/6
  1559 | D:2      | You fall into a shaft and drop 1 floor!
  1584 | D:3      | Noticed Natasha
  1586 | D:3      | Noticed Ijyb
  1707 | D:4      | Reached skill level 5 in Conjurations
  1747 | D:4      | Reached XP level 4. HP: 28/33 MP: 1/8
  1752 | D:4      | Learned a level 4 spell: Iskenderun's Mystic Blast
  1968 | D:4      | Noticed an ogre
  1971 | D:4      | Killed an ogre
  1972 | D:4      | Reached skill level 3 in Spellcasting
  1972 | D:4      | Reached skill level 1 in Translocations
  1972 | D:4      | Reached XP level 5. HP: 38/38 MP: 4/9
  2023 | D:4      | Noticed Grinder
  2031 | D:4      | Killed Grinder
  2032 | D:4      | Reached XP level 6. HP: 44/45 MP: 1/11
  2216 | D:3      | Noticed Robin
  2486 | D:3      | Killed Robin
  3010 | D:3      | Your scales start taking on a rich purple colour.
  3010 | D:3      | Reached skill level 4 in Spellcasting
  3010 | D:3      | Reached XP level 7. HP: 31/50 MP: 1/13
  3162 | D:3      | Killed Natasha
  3207 | D:3      | Noticed Natasha
  3212 | D:3      | Killed Natasha
  3241 | D:3      | Noticed Natasha
  3245 | D:3      | Killed Natasha
  3426 | D:3      | Killed Ijyb
  3892 | D:1      | Gained mutation: You are weak. (Str -2) [potion of
                  | mutation]
  3892 | D:1      | Gained mutation: You are somewhat resistant to further
                  | mutation. [potion of mutation]
  4097 | D:4      | Noticed Pikel
  4442 | D:4      | Reached skill level 5 in Spellcasting
  4763 | D:5      | Entered Level 5 of the Dungeon
  5014 | D:4      | Killed Pikel
  5015 | D:4      | Reached skill level 5 in Translocations
  5015 | D:4      | Reached XP level 8. HP: 34/57 MP: 1/16
  5836 | D:5      | Reached skill level 6 in Spellcasting
  6373 | D:6      | Reached skill level 7 in Spellcasting
  6405 | D:7      | Reached XP level 9. HP: 46/62 MP: 4/20
  6416 | D:7      | Found a blossoming altar of Fedhas.
  6416 | D:7      | Found a hazy altar of Hepliaklqana.
  6416 | D:7      | Found a glowing golden altar of the Shining One.
  6448 | D:7      | Reached skill level 1 in Fighting
  6622 | D:7      | Reached skill level 1 in Staves
  6804 | D:6      | Found a sand-covered staircase.
  6814 | Ossuary  | Entered an ossuary
  6993 | Ossuary  | Reached skill level 8 in Spellcasting
  8393 | D:6      | Reached skill level 9 in Spellcasting
  9189 | D:6      | Found Fesaen's Antique Armour Shoppe.
  9427 | D:6      | Learned a level 2 spell: Blink
  9431 | D:6      | Learned a level 3 spell: Conjure Flame
  9876 | D:7      | Reached skill level 1 in Fire Magic
  9899 | D:7      | Found a shimmering blue altar of Sif Muna.
  9934 | D:7      | Found an iron altar of Okawaru.
 10105 | D:7      | Reached XP level 10. HP: 75/75 MP: 17/23
 10255 | D:7      | Learned a level 5 spell: Agony
 10259 | D:7      | Learned a level 3 spell: Vampiric Draining
 10490 | D:7      | Reached skill level 1 in Necromancy
 10515 | D:7      | Identified the +10 scimitar of Tortfeasance {venom, Str+4}
 10515 | D:7      | Identified the ring "Coypaeps" {*Tele +Fly rN++ Int+4}
 10518 | D:7      | Reached skill level 1 in Earth Magic
 10528 | D:7      | Noticed a two-headed ogre
 10533 | D:7      | Killed a two-headed ogre
 10590 | D:7      | Reached skill level 10 in Spellcasting
 10728 | D:7      | Learned a level 3 spell: Stone Arrow
 11105 | D:7      | Found a staircase to the Ecumenical Temple.
 12046 | D:8      | Reached skill level 5 in Necromancy
 12338 | D:8      | Found a runed translucent gate.
 12338 | D:8      | Found a runed translucent gate.
 12338 | D:8      | Found a runed translucent gate.
 12339 | D:8      | Found an opulent altar of Gozag.
 12347 | D:8      | Noticed axecop's ghost (novice DsAK)
 12388 | D:8      | Killed axecop's ghost
 12551 | D:8      | Became a worshipper of Gozag Ym Sagoz the Greedy
 12681 | D:8      | Reached XP level 11. HP: 46/81 MP: 1/25
 13682 | D:9      | Noticed Psyche
 13690 | D:9      | Killed Psyche
 13691 | D:9      | Reached skill level 11 in Spellcasting
 14175 | D:9      | Noticed a two-headed ogre
 14185 | D:9      | Killed a two-headed ogre
 14350 | D:9      | Found a shadowy altar of Dithmenos.
 14350 | D:9      | Found a burning altar of Makhleb.
 14350 | D:9      | Found an opulent altar of Gozag.
 14362 | D:9      | Found an ancient bone altar of Kikubaaqudgha.
 14365 | D:9      | Found a hide-covered altar of Uskayaw.
 14396 | D:9      | Found a staircase to the Orcish Mines.
 14398 | D:9      | Found Jaorphom's Armour Emporium.
 15106 | D:9      | Found a stormy altar of Qazlal.
 15306 | D:10     | Entered Level 10 of the Dungeon
 15340 | D:10     | Noticed a two-headed ogre
 15348 | D:10     | Killed a two-headed ogre
 15349 | D:10     | Reached skill level 5 in Staves
 15457 | D:10     | Noticed Fannar
 15489 | D:10     | Killed Fannar
 16194 | D:10     | Reached skill level 12 in Spellcasting
 16333 | D:10     | Found Rolism's Weapon Shoppe.
 17007 | D:11     | Found Qope's Weapon Boutique.
 17054 | D:11     | Noticed Harold
 17061 | D:11     | Killed Harold
 17426 | D:11     | Noticed a death yak
 17538 | Temple   | Entered the Ecumenical Temple
 17662 | Temple   | Learned a level 6 spell: Freezing Cloud
 17669 | Temple   | Learned a level 6 spell: Ozocubu's Refrigeration
 17683 | D:7      | Lost mutation: You are weak. (Str -2) [potion of mutation]
 17683 | D:7      | Lost mutation: You are somewhat resistant to further
                  | mutation. [potion of mutation]
 17683 | D:7      | Gained mutation: You have sharp fingernails. [potion of
                  | mutation]
 17683 | D:7      | Gained mutation: You do not regenerate when monsters are
                  | visible. [potion of mutation]
 17683 | D:7      | Gained mutation: Your muscles are strong. (Str +2) [potion
                  | of mutation]
 17684 | D:7      | Lost mutation: Your muscles are strong. (Str +2) [potion of
                  | mutation]
 17684 | D:7      | Lost mutation: You have sharp fingernails. [potion of
                  | mutation]
 17684 | D:7      | Gained mutation: Your tail ends in a poisonous barb.
                  | [potion of mutation]
 17684 | D:7      | Gained mutation: You have a pair of small antennae on your
                  | head. [potion of mutation]
 17685 | D:7      | Lost mutation: You do not regenerate when monsters are
                  | visible. [potion of mutation]
 17685 | D:7      | Lost mutation: Your tail ends in a poisonous barb. [potion
                  | of mutation]
 17685 | D:7      | Gained mutation: You have sharp toenails. [potion of
                  | mutation]
 17685 | D:7      | Gained mutation: You have razor-sharp toenails. [potion of
                  | mutation]
 17685 | D:7      | Gained mutation: You are robust. (+10% HP) [potion of
                  | mutation]
 17758 | D:12     | Found a portal to a secret trove of treasure.
 17758 | D:12     | Noticed a centaur warrior
 17958 | D:11     | Found a staircase to the Lair.
 17959 | D:11     | Noticed a death yak
 17961 | D:11     | Noticed a death yak
 17964 | D:11     | Reached skill level 1 in Ice Magic
 17964 | D:11     | Reached skill level 1 in Air Magic
 17968 | D:11     | Killed a death yak
 18875 | D:10     | Killed a death yak
 19048 | D:11     | Killed a death yak
 19049 | D:11     | Reached XP level 12. HP: 76/96 MP: 5/28
 19206 | D:11     | Noticed Snorg
 19220 | D:11     | Killed Snorg
 20118 | D:12     | Killed a centaur warrior
 20254 | D:12     | Reached skill level 10 in Conjurations
 20263 | D:12     | Found Mesiaste's Jewellery Shop.
 20411 | D:12     | Bought a +6 ring of intelligence for 936 gold pieces
 20624 | D:12     | Identified a scroll of acquirement
 20624 | D:12     | Acquired a +0 pair of boots of flying
 21006 | Lair:1   | Entered Level 1 of the Lair of Beasts
 21903 | Lair:1   | Noticed a fire dragon
 21925 | Lair:1   | HP: 3/96 [fire dragon (9)]
 21926 | Lair:1   | Mangled by a fire dragon

Illustrated notes

Levels and vault maps discovered:
D:1:      heliophobic_arrival_glass_houses, layout_rooms, chequers_jeans,
          minmay_misc_feat_columns, minmay_statues_item
D:2:      layout_rooms, minmay_fountain_box
D:3:      layout_rooms, uniq_robin, uniq_ijyb, uniq_natasha
D:4:      minmay_general_purpose_star, layout_basic, kennysheep_generic_room_2,
          uniq_pikel, uniq_grinder
D:5:      layout_loops_ring
D:6:      layout_cave_pools, enter_ossuary_1, serial_gnoll_camp,
          gnoll_camp_mini_basic, gnoll_camp_mini_house, gnoll_camp_mini_shop,
          gnoll_camp_medium_01, st_stairs_10, item_on_display_a
D:7:      minmay_the_grid_octo_tiled_squarecenter
          [minmay_the_grid_octo_odd_swirl, minmay_the_grid_octo_chip,
          minmay_the_grid_octo_toaster, minmay_the_grid_octo_77,
          minmay_the_grid_square_5x5_megaprize_crossed,
          minmay_the_grid_square_5x5_bite,
          minmay_the_grid_square_5x5_intrusive_squares,
          minmay_the_grid_square_5x5_two_walls_a,
          minmay_the_grid_square_5x5_detours], layout_gridville,
          gammafunk_temple_overflow_forgotten, overflow_temple_1_default,
          tgw_sif, minmay_misc_feat_room, corexii_hall_statues_t,
          kennysheep_flooded_box, minmay_joined_circles
D:8:      layout_basic, ebering_ghost_gozag, serial_corexii_hall,
          corexii_hall_statues_i, chequers_hall_statues_y,
          chequers_hall_statues_wall_a, chequers_hall_statues_corner_a
D:9:      layout_small_grid, minmay_overflow_temple_star_hex, orc_david_3,
          basic_altar, st_stairs_10, sword_in_stone, uniq_psyche
D:10:     layout_loops_cross, serial_shops, shop, uniq_fannar
D:11:     layout_layer_cave, dpeg_lair_monsters, serial_shops, shop_statue,
          uniq_harold, uniq_snorg
D:12:     layout_cave_pods, serial_shops,
          nicolae_shop_temple_entry_statues_fountains, enter_trove_2
Temple:   nicolae_temple_hex_pool
Lair:1:   dragon1_lemuel, layout_chaotic_city

Skill      XL: |  1  2  3  4  5  6  7  8  9 10 11 12 |
---------------+-------------------------------------+-----
Conjurations   | 5 6 7 8 9 10 | 10.2
Spellcasting   | 3 4 5 7 9 10 12 | 12.7
Translocations | 1 3 5 6 |  6.5
Dodging        | 2 |  2.9
Stealth        | 2 |  2.9
Fighting       | 2 |  2.9
Staves         | 1 2 6 7 |  7.3
Fire Magic     | 1 |  1.5
Necromancy     | 6 |  6.5
Earth Magic    | 2 |  2.2
Ice Magic      | 2 4 |  4.3
Air Magic      | 2 4 |  4.2
Throwing       | |  0.1
Shields        | |  0.1
Evocations     | |  0.1

Action                   |  1- 3 |  4- 6 |  7- 9 | 10-12 || total
-------------------------+-------+-------+-------+-------++-------
Melee: Unarmed           |    42 |    27 |       |       ||    69
       Tailslap          |     2 |     4 |    14 |    23 ||    43
       Flail             |       |    27 |    33 |       ||    60
       Whip              |       |       |   151 |     4 ||   155
       Lajatang          |       |       |       |   256 ||   256
       Staff             |       |       |       |    28 ||    28
       Kick              |       |       |       |     5 ||     5
Throw: Dart              |       |     2 |       |       ||     2
 Cast: Magic Dart        |    29 |    10 |    48 |    65 ||   152
       Searing Ray       |    16 |    18 |    87 |    71 ||   192
       Iskenderun's Myst |       |     3 |    32 |   101 ||   136
       Vampiric Draining |       |       |       |    10 ||    10
       Agony             |       |       |       |    13 ||    13
       Stone Arrow       |       |       |       |    17 ||    17
       Freezing Cloud    |       |       |       |     5 ||     5
       Ozocubu's Refrige |       |       |       |     2 ||     2
 Abil: Breathe Dispellin |       |       |       |     1 ||     1
Evoke: Wand              |       |       |     4 |     2 ||     6
  Use: Scroll            |     4 |       |    12 |    11 ||    27
       Potion            |       |     2 |     6 |     9 ||    17
 Stab: Invisible         |       |     1 |       |     1 ||     2
       Distracted        |       |       |       |     1 ||     1
Armor: Skin              |    20 |    35 |   124 |   172 ||   351
Dodge: Dodged            |    37 |    43 |   190 |   255 ||   525
       Repelled          |       |       |     2 |     2 ||     4
Block: Other             |       |       |       |    50 ||    50
       Reflection        |       |       |       |     6 ||     6
